 Dungeon Crawl Stone Soup version 0.31.0-12-g77e489cdc1 (webtiles) character file.

Game seed: 11308602909396989205

777 Arctor the Magician (level 7, -5/36 HPs)
             Began as a Deep Elf Fire Elementalist on Feb 13, 2024.
             Killed themself with a badly aimed concussive blast (16 damage)
             ... on level 5 of the Dungeon.
             The game lasted 00:07:55 (5998 turns).

Arctor the Magician (Deep Elf Fire Elementalist)    Turns: 5998, Time: 00:07:56

Health: -5/36      AC:  2    Str:  5    XL:     7   Next: 54%
Magic:  9/17       EV: 14    Int: 24    God:
Gold:   252        SH:  0    Dex: 15    Spells: 7/17 levels left

rFire   . . .        c - staff "Daes" {Int+2 Conj}
rCold   . . .        (no shield)
rNeg    . . .        a - +0 robe
rPois   .            (no helmet)
rElec   .            (no cloak)
rCorr   .            (no gloves)
SInv    .            (no boots)
Will    .....        (no amulet)
Stlth   +++          (no ring)
HPRegen 0.26/turn    (no ring)
MPRegen 0.15/turn

%: no passive effects
@: lethally poisoned (-5 -> -6)
A: no striking features
a: no special abilities


You were on level 5 of the Dungeon.
You visited 2 branches of the dungeon, and saw 6 of its levels.

You collected 252 gold pieces.

Inventory:

Hand Weapons
 h - a +0 dagger
Missiles
 n - a throwing net
Armour
 a - a +0 robe (worn)
Magical Staves
 c - the staff "Daes" (weapon) {Int+2 Conj}
   (You acquired it on level 3 of the Dungeon)

   [staff of conjuration]

   Base accuracy: +5 Base damage: 5 Base attack delay: 1.2 This weapon's minimum
   attack delay (0.6) is reached at skill level 12.
   Int+2:     It affects your intelligence (+2).
   Conj:      It increases the power of your Conjurations spells.
   It falls into the 'Staves' category.
   It is a one-handed weapon.
 e - a staff of alchemy
Scrolls
 d - a scroll of fog
 i - a scroll of fear
 j - a scroll of poison {unknown}
 k - 2 scrolls of vulnerability {unknown}
 l - a scroll of enchant armour {unknown}
 o - a scroll of enchant weapon {unknown}
 q - a scroll of teleportation {unknown}
Potions
 b - 2 potions of magic
 g - a potion of attraction
 m - a potion of enlightenment
 p - a potion of brilliance {unknown}
 r - a potion of heal wounds {unknown}


   Skills:
 + Level 5.1 Dodging
 + Level 5.3 Stealth
 + Level 5.8 Spellcasting
 + Level 4.1 Conjurations
 + Level 5.2 Fire Magic


You had 7 spell levels left.
You knew the following spells:

 Your Spells              Type           Power      Damage    Failure   Level
a - Foxfire               Conj/Fire      100%       2x1d9     1%          1
b - Scorch                Fire           64%        2d7       1%          2
c - Volatile Blastmotes   Fire/Tloc      38%        2d13      9%          3
d - Flame Wave            Conj/Fire      44%        2d11      12%         4

Your spell library contained the following spells:

 Spells                   Type           Power      Damage    Failure   Level
 Inner Flame              Hex/Fire       19%        N/A       9%          3
 Stone Arrow              Conj/Erth      50%        3d10      11%         3
 Mercury Vapours          Alch/Air       12%        N/A       12%         2
 Sublimation of Blood     Necr           6%         N/A       12%         2
 Mephitic Cloud           Conj/Alch/Air  20%        N/A       14%         3
 Ozocubu's Armour         Ice            6%         N/A       24%         3
 Vampiric Draining        Necr           6%         2d6       24%         3
 Animate Armour           Summ/Erth      12%        N/A       63%         4
 Animate Dead             Necr           6%         N/A       63%         4
 Freezing Cloud           Conj/Ice/Air   10%        6-21      78%         5
 Metabolic Englaciation   Hex/Ice        3%         N/A       92%         5
 Sculpt Simulacrum        Ice/Alch       3%         N/A       100%        6
 Lehudib's Crystal Spear  Conj/Erth      12%        10d4      100%        8


Dungeon Overview and Level Annotations

Branches:
Dungeon (5/15)             Temple (1/1) D:4

Altars:
Dithmenos
Elyvilon
Fedhas
Gozag
Hepliaklqana
Kikubaaqudgha
Makhleb
Okawaru
Qazlal
Ru
Sif Muna
Trog
Uskayaw
Xom
Yredelemnul
Zin
The Shining One


Message History

Confirm with . or Enter, or press ? or * to list all spells.
Flames lash the killer bee.
The killer bee buzzes angrily.
The killer bee is heavily wounded.
The killer bee's fire resistance burns away.
The killer bee buzzes angrily.
You hear a shout! x2
The foxfire hits the killer bee.
The killer bee is heavily wounded.
An ufetubus comes into view.
The killer bee stings you.
You are poisoned.
The killer bee poisons you!
Your foxfire dissipates!
You feel sick.
Casting: Scorch (safe; 1% risk of failure)
Confirm with . or Enter, or press ? or * to list all spells.
A cloud of volatile blastmotes flares up around you!
Run!
You feel sick.
The killer bee stings you but does no damage.
You feel sick.
The killer bee attacks as it pursues you!
The killer bee completely misses you.
The cloud of blastmotes explodes!
The concussive blast engulfs the killer bee!
The killer bee is severely wounded.
The concussive blast engulfs you!
You are knocked back by the blast.
You hear a shout!
Casting: Volatile Blastmotes (dangerous; 9% risk of failure)
Confirm with . or Enter, or press ? or * to list all spells.
A cloud of volatile blastmotes flares up around you!
Run!
You feel sick.
The killer bee is no longer more vulnerable to fire.
The killer bee closely misses you.
An ufetubus comes into view.
You feel sick.
The killer bee attacks as it pursues you!
The killer bee stings you!
The cloud of blastmotes explodes!
The concussive blast engulfs the killer bee!
You kill the killer bee!
The concussive blast engulfs you!
You die...

### #.. #.#
#.# #.#
#.#########@#
...5.5.yy...#
..###########


You could see 2 killer bees and an ufetubus.

Vanquished Creatures
  3 ogres (D:4)
  A phantom (Temple)
  A killer bee (D:5)
  A hound (D:4)
  A jelly (D:4)
  A gnoll bouda (D:4)
  A sleepcap (D:4)
  2 orc wizards (D:4)
  11 gnolls
  7 adders
  2 dart slugs (D:1)
  2 ribbon worms
  12 orcs
  7 endoplasms
  6 giant cockroaches
  6 goblins
  10 hobgoblins
  9 kobolds
  4 quokkas
  6 ball pythons
  5 bats
  4 frilled lizards
  5 rats
107 creatures vanquished.

Vanquished Creatures (others)
  576 foxfires
576 creatures vanquished.

Grand Total: 683 creatures vanquished

Notes
Turn   | Place    | Note
-------+----------+-------------------------------------------
     0 | D:1      | Arctor the Deep Elf Fire Elementalist began the quest for
                  | the Orb.
     0 | D:1      | Reached XP level 1. HP: 10/10 MP: 6/6
     6 | D:1      | Noticed a boulder beetle
     6 | D:1      | Noticed a rime drake
     6 | D:1      | Noticed a polar bear
     7 | D:1      | Noticed a swamp worm
     7 | D:1      | Noticed an anaconda
   352 | D:1      | Reached XP level 2. HP: 15/15 MP: 5/8
   585 | D:1      | Learned a level 2 spell: Scorch
  1015 | D:1      | Found a faded altar of an unknown god.
  1161 | D:2      | Found a burning altar of Makhleb.
  1182 | D:2      | Reached XP level 3. HP: 19/19 MP: 5/10
  1248 | D:2      | Learned a level 3 spell: Volatile Blastmotes
  1500 | D:2      | Got Niumoph's Guide on Blistering Lamentation
  1558 | D:2      | Reached XP level 4. HP: 24/24 MP: 2/11
  3049 | D:3      | Reached XP level 5. HP: 28/28 MP: 10/13
  3930 | D:4      | Found the +6 shillelagh "Devastator" {shatter}
  3939 | D:4      | Noticed an ogre
  3940 | D:4      | Noticed an ogre
  3943 | D:4      | Killed an ogre
  3947 | D:4      | Killed an ogre
  3948 | D:4      | Reached XP level 6. HP: 32/32 MP: 3/15
  4107 | D:4      | Reached skill level 5 in Spellcasting
  4130 | D:3      | Identified a scroll of acquirement
  4136 | D:3      | Acquired the staff "Daes" {Int+2 Conj}
  4144 | D:3      | Learned a level 4 spell: Flame Wave
  4743 | D:4      | Reached XP level 7. HP: 36/36 MP: 10/17
  4965 | D:4      | Reached skill level 5 in Stealth
  4965 | D:4      | Reached skill level 5 in Fire Magic
  5310 | D:4      | Found a staircase to the Ecumenical Temple.
  5319 | Temple   | Entered the Ecumenical Temple
  5328 | Temple   | Reached skill level 5 in Dodging
  5991 | D:5      | Entered Level 5 of the Dungeon
  5998 | D:5      | Killed themself with a badly aimed concussive blast

Illustrated notes

Levels and vault maps discovered:
D:1:      onia_arrival_zoo_common, layout_rooms,
          dreamdust_ecumenical_altar_angels_and_demons, serial_glass,
          glass_columns_a, glass_columns_a, item_on_display_a, item_on_display_a
D:2:      layout_basic, basic_altar
D:3:      layout_basic
D:4:      layout_layer_cave, minmay_temple_entry_hall, kennysheep_diamond,
          st_stairs_2, dilly_guarded_unrand_devastator
D:5:      minmay_skewed_foursquare, layout_loops_ring, nicolae_vehumet_radiance,
          serial_shops, shop_fountains, uniq_crazy_yiuf_cottage
Temple:   minmay_temple_bridge_d

Skill      XL: |  1  2  3  4  5  6  7 |
---------------+----------------------+-----
Stealth        | 3 4 5 |  5.3
Dodging        | 3 4 5 |  5.1
Conjurations   | 2 3 4 |  4.1
Spellcasting   | 4 5 |  5.8
Fire Magic     | 4 5 |  5.2

Action                     |  1- 3 |  4- 6 |  7- 9 || total
---------------------------+-------+-------+-------++-------
  Melee: Dagger            |     1 |     6 |       ||     7
         Punch             |       |     1 |       ||     1
   Cast: Foxfire           |   116 |   191 |    41 ||   348
         Scorch            |       |    10 |    15 ||    25
         Volatile Blastmot |       |       |     3 ||     3
    Use: Scroll            |       |     7 |       ||     7
 Armour: Robe              |     4 |     9 |    15 ||    28
  Dodge: Dodged            |     2 |     7 |    16 ||    25
